 Dungeon Crawl Stone Soup version 0.25-a0-510-ge065f6de7d (webtiles) character file.

Game seed: 10557757349344201840, levelgen mode: deterministic

409 Eurus the Magician (level 6, -14/46 HPs)
             Began as a Mummy Conjurer on Feb 15, 2020.
             Demolished by Prince Ribbit (17 damage)
             ... on level 5 of the Dungeon.
             The game lasted 00:13:05 (5852 turns).

Eurus the Magician (Mummy Conjurer)                 Turns: 5852, Time: 00:13:05

Health: -14/46     AC:  4    Str: 11    XL:     6   Next: 58%
Magic:  1/12       EV: 12    Int: 17    God:
Gold:   168        SH:  0    Dex: 12    Spells: 7/14 levels left

rFire    x . .     SeeInvis .   c - +0 club
rCold    + . .     Gourm    .   (no shield)
rNeg     + + +     Faith    .   a - +0 robe
rPois    ∞         Spirit   .   (no helmet)
rElec    .         Reflect  .   j - +0 cloak
rCorr    .         Harm     .   g - +0 pair of gloves
MR       .....                  (no boots)
Stlth    ++........             (no amulet)
HPRegen  0.15/turn              (no ring)
MPRegen  0.13/turn              (no ring)

@: very slightly contaminated
A: no food or potions, fire vulnerability, cold resistance 1, negative energy
resistance 3, torment resistance, unbreathing
a: no special abilities


You were on level 5 of the Dungeon.
You were not hungry.

You visited 1 branch of the dungeon, and saw 5 of its levels.

You collected 168 gold pieces.

Inventory:

Hand Weapons
 c - a +0 club (weapon)
Armour
 a - a +0 robe (worn)
 g - a +0 pair of gloves (worn)
 j - a +0 cloak (worn)
Jewellery
 b - an uncursed amulet of rage {unknown}
 i - an uncursed amulet of faith {unknown}
 m - an uncursed ring of poison resistance {unknown}
 o - an uncursed amulet of regeneration {unknown}
 r - an uncursed ring of flight {unknown}
Wands
 l - a wand of random effects (12)
Scrolls
 d - 7 scrolls of teleportation {unknown}
 e - 4 scrolls of identify {unknown}
 f - 2 scrolls of immolation {unknown}
 h - 2 scrolls of enchant weapon {unknown}
 k - 2 scrolls of remove curse {unknown}
 n - a scroll of blinking {unknown}
 p - a scroll of fog {unknown}
 q - 2 scrolls of enchant armour {unknown}


   Skills:
 + Level 2.8 Fighting
 + Level 2.2 Armour
 - Level 1.5 Dodging
 - Level 1.5 Stealth
 + Level 4.5 Spellcasting
 + Level 4.4 Conjurations
 + Level 1.5 Translocations


You had 7 spell levels left.
You knew the following spells:

 Your Spells              Type           Power        Failure   Level  Hunger
a - Magic Dart            Conj           ###.         2%          1    N/A
b - Searing Ray           Conj           ###...       3%          2    N/A
c - Iskenderun's Mystic   Conj/Tloc      ##......     41%         4    N/A

Your spell library contained the following spells:

 Spells                   Type           Power        Failure   Level  Hunger
 Dazzling Flash           Conj/Hex       ##....       19%         3    N/A
 Sticks to Snakes         Tmut           #.......     22%         2    N/A
 Fulminant Prism          Conj/Hex       ##........   52%         4    N/A
 Beastly Appendage        Tmut           Unusable     N/A         1    N/A
 Spider Form              Tmut/Pois      Unusable     N/A         3    N/A
 Ice Form                 Ice/Tmut       Unusable     N/A         4    N/A
 Blade Hands              Tmut           Unusable     N/A         5    N/A

Dungeon Overview and Level Annotations

Branches:
Dungeon (5/15)
 Temple: D:4-7

Altars:
Dithmenos
Gozag

Shops:
D:4 (   D:5 :

Annotations:
D:4 Dowan
D:5 Prince Ribbit


Innate Abilities, Weirdness & Mutations

You do not eat or drink.
Your flesh is vulnerable to fire.
You are immune to poison.
Your flesh is cold resistant. (rC+)
You are immune to negative energy. (rN+++)
You are immune to unholy pain and torment.
You can survive without breathing.


Message History

Aiming: Searing Ray (safe; 3% risk of failure)
Press: ? - help, Shift-Dir - straight line, f/p - Prince Ribbit
Aim: Prince Ribbit (heavily wounded)
The searing ray hits Prince Ribbit!
Prince Ribbit is severely wounded. (Press . to maintain the ray.) Prince Ribbit hits you!
The searing ray misses Prince Ribbit.
Prince Ribbit misses you. Prince Ribbit hits you.
The searing ray misses Prince Ribbit.
Prince Ribbit hits you.
* * * LOW HITPOINT WARNING * * *
The searing ray hits Prince Ribbit!
Prince Ribbit is almost dead.
You finish channeling your searing ray.
Prince Ribbit hits you!
* * * LOW HITPOINT WARNING * * *
Prince Ribbit casts a spell.
Prince Ribbit looks slightly unstable.
Prince Ribbit asks, "Just a little smooch?"
Prince Ribbit hits you!
You die...

#.# ##+##
####.####..## #. #.
##.........##
####.###
#..#[....#.[#
......#
#.###...###.#
##....#
#..#.....#..#
#.....#
#....#.#...##
#....###.####.###...
##.###.#.##..####.#
##
...<..F@..........#
##.#####[##########
#.# ..# ####


You could see Prince Ribbit.

Vanquished Creatures
  A bullfrog zombie (D:5)
  3 orc priests
  An orc wizard (D:4)
  Jessica (D:2)
  6 gnolls
  9 adders
  2 oozes
  An adder zombie (D:5)
  A worm (D:4)
  3 dart slugs
  3 leopard geckos
  9 orcs
  2 giant cockroaches
  6 goblins
  3 hobgoblins
  3 jackals (D:1)
  4 kobolds
  3 quokkas
  A ball python (D:1)
  8 bats
  3 frilled lizards
  A quokka skeleton (D:4)
  6 rats
80 creatures vanquished.

Notes
Turn   | Place    | Note
-------+----------+-------------------------------------------
     0 | D:1      | Eurus the Mummy Conjurer began the quest for the Orb.
     0 | D:1      | Reached XP level 1. HP: 13/13 MP: 4/4
   471 | D:1      | Reached XP level 2. HP: 18/20 MP: 0/5
   475 | D:1      | Learned a level 2 spell: Searing Ray
  1322 | D:2      | Reached skill level 1 in Fighting
  1322 | D:2      | Reached XP level 3. HP: 17/26 MP: 1/7
  1546 | D:2      | Reached skill level 1 in Armour
  1870 | D:2      | Noticed Jessica
  1884 | D:2      | Killed Jessica
  1884 | D:2      | Reached XP level 4. HP: 32/32 MP: 6/9
  1895 | D:2      | Learned a level 4 spell: Iskenderun's Mystic Blast
  3176 | D:3      | Reached XP level 5. HP: 33/38 MP: 10/10
  3238 | D:3      | Found an opulent altar of Gozag.
  3673 | D:3      | Reached skill level 1 in Translocations
  4472 | D:4      | Noticed Dowan
  4794 | D:4      | Reached XP level 6. HP: 34/46 MP: 7/12
  5111 | D:4      | Found Quruwk's Antique Weapon Shoppe.
  5237 | D:5      | Entered Level 5 of the Dungeon
  5381 | D:5      | Found Impit's Book Boutique.
  5430 | D:5      | Found a shadowy altar of Dithmenos.
  5836 | D:5      | Noticed Prince Ribbit
  5851 | D:5      | HP: 2/46 [Prince Ribbit (7)]
  5852 | D:5      | Demolished by Prince Ribbit

Levels and vault maps discovered:
D:1:      wander_arrival_lonely_grave, layout_loops_corners
D:2:      layout_loops_corners, first_ration, uniq_jessica
D:3:      layout_basic, marbit_many_paths
D:4:      layout_basic, serial_shops, nicolae_shop_behind_doors,
          grunt_ministairs_15, uniq_duvessa
D:5:      layout_loops_corners, lemuel_round_altar, serial_shops,
          kennysheep_mini_moat, minmay_strange_pillars, uniq_prince_ribbit1

Skill      XL: |  1  2  3  4  5 |
---------------+----------------+-----
Spellcasting   | 3 4 |  4.5
Fighting       | 1 2 |  2.8
Armour         | 1 2 |  2.2
Conjurations   | 4 |  4.4
Translocations | 1 |  1.5
Dodging        | |  1.5
Stealth        | |  1.5

Action                   |  1- 3 |  4- 6 || total
-------------------------+-------+-------++-------
Melee: Unarmed           |    30 |       ||    30
       Club              |    25 |   132 ||   157
 Cast: Magic Dart        |    30 |    44 ||    74
       Searing Ray       |     4 |    29 ||    33
 Stab: Sleeping          |     1 |     1 ||     2
Armor: Robe              |    19 |    40 ||    59
Dodge: Dodged            |    41 |   111 ||   152

Table legend:
 A = Non-vault XP
 B = Vault XP
 C = Vault XP percentage of total XP
 D = Non-vault monster count
 E = Vault monster count
 F = Vault count percentage of total count
                 A         B        C        D         E       F
            +---------+---------+-------+---------+---------+-------
      Total |     525 |      60 |  10.3 |      76 |       4 |   5.0
            +---------+---------+-------+---------+---------+-------
        D:1 |      31 |       0 |   0.0 |      18 |       0 |   0.0
        D:2 |     118 |      37 |  23.9 |      19 |       1 |   5.0
        D:3 |     150 |      13 |   8.0 |      19 |       1 |   5.0
        D:4 |     119 |      10 |   7.8 |      12 |       2 |  14.3
        D:5 |     107 |       0 |   0.0 |       8 |       0 |   0.0
            +---------+---------+-------+---------+---------+-------
